 Dungeon Sprint DCSS version 0.31-a0-844-gdc52ec4e09 (webtiles) character file.

Game seed: 8195951152522788238

4335 sircluck the Grappler (level 10, -11/172 HPs)
             Began as a Troll Berserker on Sept 29, 2023.
             Was the Champion of Trog.
             Mangled by a vampire knight
             ... wielding a +0 long sword
              (21 damage)
             ... in the Dungeon (Sprint VII: "The Pits").
             The game lasted 00:04:42 (792 turns).

sircluck the Grappler (Troll Berserker)              Turns: 792, Time: 00:04:43

Health: -11/172    AC:  7    Str: 31    XL:     10   Next: 12%
Magic:  9/9        EV: 14    Int:  3    God:    Trog [******]
Gold:   0          SH:  0    Dex: 12    Spells: 9/9 levels left

rFire   . .          .
                       - Unarmed
rCold   . . .        (no shield)
rNeg    . . .        a - +0 animal skin
rPois   .            (helmet restricted)
rElec   .            (no cloak)
rCorr   .            (gloves unavailable)
SInv    .            (boots unavailable)
Will    .....        (no amulet) Stlth
                     k - +3 ring of protection
HPRegen 1.28/turn    l - +3 ring of dexterity
MPRegen 0.11/turn

%: no teleportation
@: berserking, very quick
A: large, unfitting armour, claws 3, regeneration 1, shaggy fur 1, tough skin 1
a: Renounce Religion, Berserk, Trog's Hand, Brothers in Arms


You were in the Dungeon.
You worshipped Trog.
Trog was exalted by your worship.
You visited 1 branch

Inventory:

Armour
 a - a +0 animal skin (worn)
Jewellery
 k - a +3 ring of protection (left claw)
 l - a +3 ring of dexterity (right claw)
Scrolls
 g - a scroll of blinking
 i - 2 scrolls of vulnerability
 j - a scroll of summoning
Potions
 b - 10 potions of curing
 c - 8 potions of heal wounds
 d - 2 potions of haste
 e - 4 potions of magic
 f - 5 potions of berserk rage
 h - 2 potions of invisibility
 m - 2 potions of resistance


   Skills:
 + Level 12.1 Fighting
 + Level 12.0 Dodging
 + Level 14.1 Unarmed Combat


You had 9 spell levels left.
You didn't know any spells.
Your spell library was empty.

Dungeon Overview and Level Annotations

Branches:
Dungeon (1/1)

Altars:
Ashenzari
Cheibriados
Dithmenos
Elyvilon
Fedhas
Gozag
Hepliaklqana
Kikubaaqudgha
Makhleb
Nemelex Xobeh
Okawaru
Qazlal
Ru
Sif Muna
Trog
Uskayaw
Vehumet
Wu Jian
Xom
Yredelemnul
Zin
The Shining One
Jiyva
Lugonu


Innate Abilities, Weirdness & Mutations

You are too large for most types of armour.
You have claws for hands.
Your natural rate of healing is unusually fast.
You are covered in fur. (AC +1)
You have tough skin. (AC +1)


Message History

Deactivating autopickup; reactivate with Ctrl-A.
The centaur wields a +0 shortbow.
The centaur shoots an arrow.
The arrow misses you.
The centaur shoots an arrow.
The arrow hits you.
The centaur shoots an arrow.
The arrow hits you but does no damage.
The centaur shoots an arrow.
The arrow hits you.
You scratch something but do no damage.
The centaur shoots an arrow.
The arrow misses you.
You barely miss something.
The centaur shoots an arrow.
The arrow hits you. Something hits you!! Something bites you.
Something draws strength from your injuries!
You closely miss something.
The centaur shoots an arrow.
Something hits you. Something bites you but does no damage.
You claw something!
The centaur shoots an arrow.
You hear some strange, mumbled words.
You suddenly lose the ability to move!
The centaur shoots an arrow. x2; Something draws life force from you!!
The centaur shoots an arrow.
The arrow hits you! Something hits you. Something bites you but does no damage.
The centaur shoots an arrow. x2; Something hits you!
* * * LOW HITPOINT WARNING * * *
Something bites you!
* * * LOW HITPOINT WARNING * * *
Something draws strength from your injuries!
You can move again.
Unknown command.
Unknown command.
Unknown command.
You mangle something!!
The centaur shoots an arrow.
You mangle something!! Something draws life force from you!
* * * LOW HITPOINT WARNING * * *
Unknown command.
Unknown command.
A red film seems to cover your vision as you go berserk!
You feel yourself moving faster!
You feel mighty! Something hits you!
* * * LOW HITPOINT WARNING * * *
Something barely misses you.
The centaur shoots an arrow.
The arrow barely misses you.
You scratch something.
The centaur shoots an arrow.
Something hits you!!
You die...

########################
........................
†...............@{c.....
############++##########


You could see a centaur.

Vanquished Creatures
  A sixfirhy (D)
  A shadow wraith (D)
  A lindwurm (D)
  An orc knight (D)
  A red devil (D)
  A tyrant leech (D)
  5 dream sheep (D)
  A ynoxinul (D)
  An orc warrior (D)
  An ice beast (D)
  A sky beast (D)
  A swamp drake (D)
  An ogre (D)
  A wolf (D)
  A centaur (D)
  A necrophage (D)
  5 orc priests (D)
  An iguana (D)
  An orc wizard (D)
  A gnoll (D)
  A river rat (D)
  2 ufetubi (D)
  An adder skeleton (D)
  5 orcs (D)
  A goblin (D)
  A ball python skeleton (D)
  A rat (D)
40 creatures vanquished.

Notes
Turn   | Place    | Note
-------+----------+-------------------------------------------
     0 | D        | sircluck the Troll Berserker began the quest for the Orb.
     0 | D        | Reached XP level 1. HP: 22/22 MP: 0/0
    24 | D        | Noticed an ice beast
    48 | D        | Reached XP level 2. HP: 15/31 MP: 1/1
    54 | D        | Killed an ice beast
    55 | D        | Reached skill level 5 in Fighting
    55 | D        | Reached skill level 5 in Unarmed Combat
    55 | D        | Reached XP level 3. HP: 10/42 MP: 2/2
    55 | D        | Reached XP level 4. HP: 12/50 MP: 3/3
    94 | D        | Found a bloodstained altar of Trog.
    94 | D        | Found a shimmering blue altar of Sif Muna.
    94 | D        | Found a viscous altar of Jiyva.
    94 | D        | Found a hazy altar of Hepliaklqana.
    94 | D        | Found an opulent altar of Gozag.
    95 | D        | Found a glowing golden altar of the Shining One.
    95 | D        | Found a glowing silver altar of Zin.
    95 | D        | Found a basalt altar of Yredelemnul.
    95 | D        | Found a shimmering altar of Xom.
    95 | D        | Found an ornate altar of the Wu Jian Council.
    95 | D        | Found a sacrificial altar of Ru.
    95 | D        | Found a stormy altar of Qazlal.
    95 | D        | Found an iron altar of Okawaru.
    95 | D        | Found a sparkling altar of Nemelex Xobeh.
    95 | D        | Found a burning altar of Makhleb.
    95 | D        | Found a blossoming altar of Fedhas.
    95 | D        | Found a white marble altar of Elyvilon.
    95 | D        | Found a shadowy altar of Dithmenos.
    95 | D        | Found a snail-covered altar of Cheibriados.
    97 | D        | Found a radiant altar of Vehumet.
    97 | D        | Found a corrupted altar of Lugonu.
    98 | D        | Found a hide-covered altar of Uskayaw.
    98 | D        | Found an ancient bone altar of Kikubaaqudgha.
    98 | D        | Found a broken altar of Ashenzari.
   132 | D        | Reached ** piety under Trog
   133 | D        | Reached skill level 5 in Dodging
   133 | D        | Reached skill level 6 in Unarmed Combat
   149 | D        | Noticed a centaur
   153 | D        | Reached *** piety under Trog
   158 | D        | Killed a centaur
   159 | D        | Reached skill level 7 in Unarmed Combat
   159 | D        | Reached XP level 5. HP: 11/59 MP: 4/4
   247 | D        | Noticed an orc warrior
   263 | D        | Reached **** piety under Trog
   279 | D        | Noticed a sky beast
   295 | D        | Killed a sky beast
   296 | D        | Reached skill level 8 in Unarmed Combat
   296 | D        | Reached XP level 6. HP: 13/68 MP: 5/5
   334 | D        | Killed an orc warrior
   348 | D        | Reached ***** piety under Trog
   349 | D        | Reached skill level 9 in Unarmed Combat
   354 | D        | Reached XP level 7. HP: 42/79 MP: 6/6
   403 | D        | Received a gift from Trog
   405 | D        | Noticed a red devil
   411 | D        | Killed a red devil
   412 | D        | Reached skill level 10 in Unarmed Combat
   487 | D        | Reached XP level 8. HP: 69/92 MP: 7/7
   507 | D        | Noticed a lindwurm
   507 | D        | Noticed an orc knight
   518 | D        | Killed an orc knight
   519 | D        | Reached skill level 11 in Unarmed Combat
   525 | D        | Killed a lindwurm
   526 | D        | Reached skill level 10 in Fighting
   526 | D        | Reached skill level 10 in Dodging
   526 | D        | Reached skill level 12 in Unarmed Combat
   527 | D        | Reached ****** piety under Trog
   633 | D        | Reached XP level 9. HP: 95/102 MP: 8/8
   639 | D        | Noticed a sixfirhy
   639 | D        | Noticed a tyrant leech
   644 | D        | Killed a sixfirhy
   650 | D        | Killed a tyrant leech
   651 | D        | Reached skill level 13 in Unarmed Combat
   667 | D        | Killed a shadow wraith
   759 | D        | Received a gift from Trog
   761 | D        | Reached XP level 10. HP: 91/115 MP: 9/9
   763 | D        | Reached skill level 14 in Unarmed Combat
   778 | D        | Noticed a vampire knight
   785 | D        | Paralysed by something for 3 turns
   792 | D        | Mangled by a vampire knight

Illustrated notes

Levels and vault maps discovered:
D:        pitsprint [storerooms_1, entrance_room_1, metal_vault_8, armoury_1,
          mini_pit_1, grid_room_1, main_hall_1, silver_pit, the_coven_2,
          the_vestibule_1, steel_vault_5, golden_pit, hallway_of_sentries,
          crystal_vault_1, iron_vault_3, final_vault]

Skill      XL: |  1  2  3  4  5  6  7  8  9 10 |
---------------+-------------------------------+-----
Fighting       | 3 5 6 7 9 10 11 12 | 12.1
Dodging        | 3 4 6 7 8 10 11 12 | 12.0
Unarmed Combat | 5 7 8 9 10 12 13 14 | 14.1

Action                     |  1- 3 |  4- 6 |  7- 9 | 10-12 || total
---------------------------+-------+-------+-------+-------++-------
  Melee: Unarmed           |    11 |    55 |    64 |    11 ||   141
         Punch             |       |     2 |     7 |       ||     9
 Invoke: Berserk           |       |       |     2 |     1 ||     3
 Armour: Animal skin       |     5 |    36 |    44 |    16 ||   101
  Dodge: Dodged            |     4 |    28 |    36 |     4 ||    72

Table legend: (Time is in decaauts)
 A = Elapsed time spent in this place.
 B = Non-inter-level travel time spent in this place.
 C = Inter-level travel time spent in this place.
 D = Time resting spent in this place.
 E = Time spent auto-exploring this place.
 F = Levels seen in this place.
 G = Mean time per level.
                   A        B        C        D        E       F      G
               +--------+--------+--------+--------+--------+-----+--------+
         Total |    799 |    744 |     55 |    209 |    185 |   1 |  799.0 |
       Dungeon |    799 |    744 |     55 |    209 |    185 |   1 |  799.0 |
               +--------+--------+--------+--------+--------+-----+--------+

Top non-repeatable levels by time:
       D: 799 daAuts
